[Event "Senior Men Russian Championship 2022_HL"]
[Site "Saint-Petersburg, Russia"]
[Date "2022.09.28"]
[Round "5.7"]
[White "Osmolny, Vladimir I."]
[Black "Vul, Arkadi Eremeevich"]
[Result "0-1"]
[TimeControl "40+30"]
[WhiteElo "2092"]
[BlackElo "2181"]

1. c4 e6 2. Nc3 d5 3. d4 c6 4. e4 dxe4 5. Nxe4 Bb4+ 6. Nc3 c5 7. Be3 Nf6 8. a3 Bxc3+ 9. bxc3 Qa5 10.
Bd2 Ne4 11. Qc2 Nxd2 12. Qxd2 cxd4 13. cxd4 Nc6 14. Nf3 Ke7 15. Rd1 Rd8 16. Be2 b6 17. O-O Qxd2 18. Rxd2 Na5 19. Rb1 Bb7 20.
c5 Be4 21. Rb5 Bc6 22. Rb4 bxc5 23. dxc5 Rxd2 24. Nxd2 Rd8 25. Nf1 Rd5 26. Bf3 Rxc5 27. Bxc6 Rxc6 28. Rb5 Ra6 29. Ne3 f5 30.
g3 Kf6 31. f4 h6 32. h4 g5 33. hxg5+ hxg5 34. Kf2 gxf4 35. gxf4 Nc6 36. Rc5 Ne7 37. Nc4 Nd5 38. Kf3 Ra4 39. Rc6 Ne7 40. Rc5 Ra6 41. Ra5 Rxa5 42.
Nxa5 e5 43. fxe5+ Kxe5 44. Ke3 Kd5 45. Kf4 Kc5 46. Ke5 Kb5 47. Nb7 Ka4 48. Nd6 a6 49. Ke6 Kxa3 50. Kxe7 f4 51. Nc4+ Kb3 52.
Ne5 a5 53. Kd6 a4 54. Nd3 a3 55. Kd5 f3 56. Ke4 f2 57. Kd4 0-1

[Event "Senior Men Russian Championship 2022_HL"]
[Site "Saint-Petersburg, Russia"]
[Date "2022.09.28"]
[Round "5.8"]
[White "Filipenko, Alexander V"]
[Black "Kasantsev, Anatolij B."]
[Result "1/2-1/2"]
[TimeControl "40+30"]
[WhiteElo "2171"]
[BlackElo "1908"]

1. e4 c5 2. Nf3 e6 3. d4 cxd4 4. Nxd4 a6 5. c4 Nf6 6. Nc3 Bb4 7. Qd3 Qc7 8. a3 Be7 9. f4 d6 10.
Be2 b6 11. O-O Bb7 12. f5 e5 13. Nc2 Nbd7 14. b4 Rc8 15. Ne3 b5 16. Ncd5 Bxd5 17. exd5 e4 18. Qd4 Qb7 19. cxb5 axb5 20.
a4 bxa4 21. Rxa4 Rb8 22. Bd2 Bd8 23. Ba6 Qb6 1/2-1/2

[Event "Senior Men Russian Championship 2022_HL"]
[Site "Saint-Petersburg, Russia"]
[Date "2022.09.28"]
[Round "5.9"]
[White "Mamoshin, Valery"]
[Black "Lisenko, Alexander V"]
[Result "1/2-1/2"]
[TimeControl "40+30"]
[WhiteElo "2203"]
[BlackElo "2307"]

1. e4 c5 2. d4 cxd4 3. c3 d5 4. exd5 Qxd5 5. cxd4 Nc6 6. Nf3 e6 7. Nc3 Bb4 8. Bd3 Nf6 9. O-O Qd8 10.
Bg5 Be7 11. Rc1 O-O 12. Re1 b6 13. Ne4 Bb7 14. Nxf6+ Bxf6 15. Bxf6 Qxf6 16. Be4 Na5 17. Qd3 Bxe4 18. Qxe4 Rac8 19.
Ne5 Qe7 20. d5 Rxc1 21. Rxc1 exd5 22. Qxd5 Rd8 23. Nd7 1/2-1/2

[Event "Senior Men Russian Championship 2022_HL"]
[Site "Saint-Petersburg, Russia"]
[Date "2022.09.28"]
[Round "5.10"]
[White "Berlin, Grigoriy"]
[Black "Pushkov, Nikolai"]
[Result "1/2-1/2"]
[TimeControl "40+30"]
[WhiteElo "2186"]
[BlackElo "2206"]

1. d4 Nf6 2. Bf4 e6 3. e3 b6 4. Nf3 Bb7 5. Nbd2 Be7 6. h3 c5 7. c3 O-O 8. Bd3 d5 9. O-O Nbd7 10.
Bh2 Ne4 11. Ne5 Nxd2 12. Qxd2 Nxe5 13. Bxe5 Bd6 14. f4 f6 15.
Bxd6 Qxd6 16. Qc2 h6 17. Rad1 e5 18. Bh7+ Kh8 19. Bf5 Rad8 20. Qe2 Bc8 21. Qg4 Bxf5 22. Qxf5 Rfe8 23. fxe5 fxe5 24.
Qh5 exd4 25. exd4 Re4 26. dxc5 Qxc5+ 27. Kh1 d4 28. Qg6 Qe5 29. cxd4 Rexd4 30. Rde1 Qd6 31. Re6 Qc5 32. Rfe1 Rg8 33.
R6e5 Rd5 34. Re8 Rd8 35. R8e6 Rd2 36. a3 Rxb2 37. Re8 Rf2 38. Rxg8+ Kxg8 39. Re8+ Rf8 40. Qe6+ Kh8 41. Re7 a5 42.
a4 Qc1+ 43. Kh2 Qf4+ 44. Kg1 Qd4+ 45. Kh2 Qxa4 46. Qxb6 Qf4+ 47. Kg1 a4 48. Qa7 Rc8 49. Re1 Rc1 50. Rxc1 Qxc1+ 51. Kh2 Qf4+ 52. Kg1 Qc4 53. Qe7 Kh7 54.
Qf8 Qd3 55. Qa8 a3 56. Kh2 h5 57. Qa4 Qe3 58. Qa5 Kh6 59. Qa8 Kg6 60. Qa6+ Kh7 61. Qa4 g6 62. Qd7+ Kh6 63. Qa4 Qe7 64.
Qa8 h4 65. Qh8+ Kg5 66. Qa8 Kf5 67. Qf3+ Ke6 68. Qe4+ Kf7 69. Qf3+ Kg7 70. Qc3+ Kh7 71. Qa5 Qe3 72. Qa4 g5 73.
Qd7+ Kg6 74. Qc6+ Kf5 75. Qd7+ Ke5 76. Qe7+ Kd4 77. Qa7+ Ke4 78. Qe7+ 1/2-1/2

[Event "Senior Men Russian Championship 2022_HL"]
[Site "Saint-Petersburg, Russia"]
[Date "2022.09.28"]
[Round "5.11"]
[White "Yakovlev, Yuri S."]
[Black "Nikitinyh, Boris"]
[Result "0-1"]
[TimeControl "40+30"]
[WhiteElo "1649"]
[BlackElo "1853"]

1. e4 d6 2. d4 Nf6 3. Bd3 Nc6 4. c3 e5 5. d5 Ne7 6. h3 g6 7. Be3 Bg7 8. Qd2 h6 9. g4 g5 10.
Ne2 Ng6 11. Na3 Nf4 12. Bxf4 gxf4 13. f3 Nh7 14. O-O-O Bf6 15. Bb5+ Kf8 16. Ng1 a6 17. Bf1 Bh4 18. Rh2 Kg7 19.
Kb1 Qe7 20. c4 Rd8 21. Nc2 Bd7 22. Ne1 c5 23. Nd3 b5 24. Qc3 Bf6 25. cxb5 axb5 26. h4 b4 27. Qe1 Rdb8 28. g5 hxg5 29.
hxg5 Nxg5 30. Nf2 Rh8 31. Rxh8 Rxh8 32. Ng4 Nxf3 33. Nxf3 Bxg4 34. Be2 Bxf3 35. Bxf3 Rh3 36. Qe2 Rg3 37.
Rf1 Qd7 38. Rh1 Kf8 39. b3 Ke7 40. Qf1 Qe8 41. Kb2 Qa8 42. Bd1 Qa7 43. Bc2 Bg5 44. a4 bxa3+ 45. Ka2 Rc3 46. Rh2 f3 47.
Qb5 Bf4 48. Rh8 Rxc2+ 49. Ka1 c4 0-1

[Event "Senior Men Russian Championship 2022_HL"]
[Site "Saint-Petersburg, Russia"]
[Date "2022.09.29"]
[Round "6.11"]
[White "Pushkov, Nikolai"]
[Black "Yakovlev, Yuri S."]
[Result "1-0"]
[TimeControl "40+30"]
[WhiteElo "2206"]
[BlackElo "1649"]

1. d4 c5 2. d5 d6 3. e4 g6 4.
Nf3 Bg7 5. Bb5+ Bd7 6. a4 a6 7. Be2 h6 8.
O-O Nf6 9. Nc3 O-O 10. Nd2 Nh7 11. Nc4 f5 12. f3 Bd4+ 13. Be3 Bxe3+ 14. Nxe3 f4 15. Nc4 Ng5 16. e5 Bf5 17. Bd3 Kg7 18. e6 a5 19.
Ne4 Na6 20. Nxg5 hxg5 21. c3 Nc7 22.
Nb6 Bxd3 23. Qxd3 Ra6 24. Nd7 Rf5 25. c4 Ne8 26. g4 fxg3 27. hxg3 Nf6 28. Nxf6 Rxf6 29. Kg2 Ra8 30. Qe3 Qb6 31. Rab1 Qb4 32. b3 Rf5 33. f4 g4 34. Rh1 Rh8 35. Rxh8 Kxh8 36. Rh1+ Kg7 37. Qd3 Rh5 38. Rf1 Rf5 39.
Rd1 Kf6 40. Qc2 Kg7 41. Rf1 Rf6 42. Qb2 Kg8 43. Rh1 Kg7 44. Kf2 Kg8 45. Rh4 b5 46. Qc2 bxc4 47. bxc4 Qa3 48. Rxg4 Qa1 49. Rxg6+ Kf8 50. Rxf6+ exf6 51. Qh7 Qd4+ 52. Kg2 1-0

[Event "Senior Men Russian Championship 2022_HL"]
[Site "Saint-Petersburg, Russia"]
[Date "2022.09.29"]
[Round "6.7"]
[White "Dragomarezkij, Evgeni"]
[Black "Kornilov, Anatoly"]
[Result "1-0"]
[TimeControl "40+30"]
[WhiteElo "2297"]
[BlackElo "2094"]

1. c4 c5 2. Nf3 g6 3. d4 cxd4 4.
Nxd4 Bg7 5. e4 Nc6 6. Be3 Nf6 7. Nc3 O-O 8. Be2 d6 9. O-O Bd7 10. Nb3 a5 11. a4 Nb4 12. f3 Bc6 13. Nd5 Bxd5 14. exd5 Nd7 15. Rb1 b6 16. Nd4 Nc5 17. Re1 Re8 18. Bf1 e5 19. dxe6 Nxe6 20. Nxe6 Rxe6 21. Bf2 Rxe1 22. Qxe1 Qc7 23.
Qe3 Rb8 24. b3 Na6 25. Bd3 Nc5 26. Bc2 Qc6 27. Rd1 Rd8 28.
Qe7 Qd7 29. Bh4 Ne6 30. Qxd7 Rxd7 31. Bf2 Nc5 32. g4 Be5 33. Be3 f6 34. f4 Bc3 35. Kf2 Kg7 36. Kf3 Kf7 37. h4 h6 38. Bf2 g5 39. Bg3 gxh4 40. Bxh4 Kg7 41. Bf2 Rd8 42. Be3 Rd7 43.
Rd5 Rd8 44. Kf2 Bb2 45. Rh5 Bc3 46. Ke2 Re8 47. Kf3 Rd8 48.
Rh3 Bb2 49. Ke2 Ba1 50. Kf3 Bb2 51.
g5 fxg5 52. fxg5 hxg5 53. Bxg5 Rf8+ 54. Ke2 Re8+ 55. Kd2 Ne4+ 56. Bxe4 Rxe4 57. Kd3 Re8 58.
Be3 Rb8 59. Bd4+ Bxd4 60. Kxd4 1-0

[Event "Senior Men Russian Championship 2022_HL"]
[Site "Saint-Petersburg, Russia"]
[Date "2022.09.29"]
[Round "6.8"]
[White "Lisenko, Alexander V"]
[Black "Raetsky, Alexander"]
[Result "1-0"]
[TimeControl "40+30"]
[WhiteElo "2307"]
[BlackElo "2384"]

1. c4 e5 2. Nf3 e4 3. Nd4 Nc6 4.
Nc2 d5 5. cxd5 Qxd5 6. Nc3 Qe5 7. g3 Nf6 8. Bg2 Bf5 9.
Ne3 Bg6 10. Qa4 O-O-O 11. d3 exd3 12. Bxc6 bxc6 13. Qa6+ Kd7 14. Nc4 Qe6 15. Bf4 Nd5 16. Ne5+ Ke8 17. Qxc6+ Qxc6 18. Nxc6 Nxc3 19. bxc3 Be4 20. Nxd8 Bxh1 21. Kd2 Kxd8 22.
Rxh1 dxe2 23. Rb1 Kc8 24. Be3 c5 25. Bf4 f6 26. Rb8+ Kd7 27. Kxe2 g5 28. Be3 Kc6 29. Ra8 h6 30. Kd3 f5 31. Kc4 Bg7 32. Rxa7 Be5 33. Bxc5 f4 34. Bd4 Re8 35. Rh7 Bxd4 36. cxd4 Re2 37. d5+ Kb6 38. Rxh6+ Kc7 39. Rh7+ Kd6 40. Rh6+ Kd7 41. f3 Rxa2 42. gxf4 Ra4+ 43. Kc5 Rxf4 44. Rh7+ Ke8 45. Rh3 g4 46. fxg4 Rxg4 47. Kc6 Rg2 48. Rh8+ Kf7 49. d6 Rb2 50. Kd7 Ra2 51. h4 Ra5 52.
Kc6 1-0

[Event "Senior Men Russian Championship 2022_HL"]
[Site "Saint-Petersburg, Russia"]
[Date "2022.09.29"]
[Round "6.2"]
[White "Pozin, Sergey"]
[Black "Ponfilenok, Vladimir"]
[Result "0-1"]
[TimeControl "40+30"]
[WhiteElo "2257"]
[BlackElo "2298"]

1. Nf3 f5 2. g3 Nf6 3. Bg2 e6 4. O-O d5 5. c4 Bd6 6. b3 O-O 7. Bb2 Nbd7 8. Nc3 c6 9. Qc2 Qe8 10. d3 f4 11. gxf4 Bxf4 12. Ba3 Qh5 13. Bxf8 Ne5 14. Rfe1 Nxf3+ 15. Bxf3 Qxh2+ 16. Kf1 Be3 17. Nd1 e5 0-1

[Event "Senior Men Russian Championship 2022_HL"]
[Site "Saint-Petersburg, Russia"]
[Date "2022.09.29"]
[Round "6.10"]
[White "Nikitinyh, Boris"]
[Black "Osmolny, Vladimir I."]
[Result "0-1"]
[TimeControl "40+30"]
[WhiteElo "1853"]
[BlackElo "2092"]

1. d4 d5 2. Nf3 Nc6 3. e3 Bg4 4. Nbd2 e6 5. Be2 Nf6 6. O-O Be7 7. c4 O-O 8.
a3 a5 9. h3 Bh5 10. cxd5 exd5 11.
Re1 Bd6 12. b3 Qe7 13. Bb2 Rae8 14. Nh4 Bxe2 15. Qxe2 g6 16. Nhf3 h6 17. Rec1 Qe6 18. Qb5 Rb8 19. Qf1 Nd7 20. Ne1 Ne7 21. Nd3 b6 22.
Nf3 f6 23. b4 a4 24. b5 g5 25.
Nh2 f5 26. Qd1 Ra8 27. Nf3 Ng6 28.
Nde5 Rf6 29. Nxg6 Rxg6 30. Ne5 Rg7 31. Rc6 g4 32. h4 g3 33. fxg3 Rxg3 34. Qe1 Rg7 35. Qf2 Kh7 36. h5 Rg5 37. Ng6 Qe4 38. Rxd6 cxd6 39.
Rc1 Ra7 40. Nf4 Nf6 41. Nh3 Rxh5 42. Nf4 Rg5 43. Nh3 Rg8 44. Rf1 Rag7 45. Qxf5+ Qxf5 46. Rxf5 Rxg2+ 47. Kf1 Ne4 48. Rf7+ Kh8 49.
Bc1 Rc2 0-1

[Event "Senior Men Russian Championship 2022_HL"]
[Site "Saint-Petersburg, Russia"]
[Date "2022.09.29"]
[Round "6.4"]
[White "Balashov, Yuri S"]
[Black "Kozlov, Oleg"]
[Result "1-0"]
[TimeControl "40+30"]
[WhiteElo "2395"]
[BlackElo "2279"]

1. e4 c5 2. Nf3 e6 3.
d4 cxd4 4. Nxd4 Nc6 5. Nc3 a6 6.
Be2 Qc7 7. O-O Nf6 8. Kh1 b5 9. Nxc6 dxc6 10. f4 b4 11.
e5 bxc3 12. exf6 gxf6 13. Qd4 cxb2 14. Bxb2 Be7 15. Qf2 Rb8 16. Bc3 c5 17. Qg3 Kf8 18. Qh4 h5 19. Bxf6 Bb7 20. Rad1 Rh6 21.
Bg5 Rh7 22. Bd3 f5 23. Bc4 Be4 24. Bxe6 Qb7 25. Qg3 Rg7 26. Bh6 Bh4 27. Qxg7+ Qxg7 28. Bxg7+ Kxg7 29. Rd7+ Kh6 30. Bd5 1-0

[Event "Senior Men Russian Championship 2022_HL"]
[Site "Saint-Petersburg, Russia"]
[Date "2022.09.29"]
[Round "6.6"]
[White "Zhelnin, Vladimir V"]
[Black "Filipenko, Alexander V"]
[Result "1/2-1/2"]
[TimeControl "40+30"]
[WhiteElo "2344"]
[BlackElo "2171"]

1. d4 d5 2. Nf3 Nf6 3. g3 c6 4. Bg2 Bf5 5. O-O e6 6. c4 Be7 7. Nc3 h6 8.
Qb3 Qb6 9. c5 Qxb3 10. axb3 a6 11. b4 1/2-1/2

[Event "Senior Men Russian Championship 2022_HL"]
[Site "Saint-Petersburg, Russia"]
[Date "2022.09.29"]
[Round "6.5"]
[White "Vul, Arkadi Eremeevich"]
[Black "Kalegin, Evgenij"]
[Result "1/2-1/2"]
[TimeControl "40+30"]
[WhiteElo "2181"]
[BlackElo "2386"]

1. Nf3 Nf6 2. c4 g6 3. g3 Bg7 4. d4 O-O 5. Bg2 d6 6. O-O Nbd7 7. Nc3 e5 8. e4 c6 9. h3 exd4 10.
Nxd4 Qb6 11. Nc2 Qc7 12.
Be3 Re8 13. Re1 b6 14. Rc1 Bb7 15. Qd2 Rad8 16. f4 h5 17. Bf2 a5 18. b3 Nc5 19. Nd4 Bh6 20. Re2 Re7 21. Rce1 Rde8 22. Nc2 Bg7 23. Bd4 Ne6 24. Bf2 Nc5 25. Bd4 1/2-1/2

[Event "Senior Men Russian Championship 2022_HL"]
[Site "Saint-Petersburg, Russia"]
[Date "2022.09.29"]
[Round "6.1"]
[White "Ionov, Sergey"]
[Black "Loginov, Valery A"]
[Result "1/2-1/2"]
[TimeControl "40+30"]
[WhiteElo "2513"]
[BlackElo "2478"]

1. e4 c5 2. Nf3 d6 3. Bb5+ Bd7 4.
Bxd7+ Qxd7 5. c4 Nc6 6.
d4 cxd4 7. Nxd4 g6 8. Nc3 Bg7 9. Be3 Nf6 10. f3 O-O 11. O-O e6 12. Qd2 Rfd8 13. Rfd1 d5 14. exd5 1/2-1/2

[Event "Senior Men Russian Championship 2022_HL"]
[Site "Saint-Petersburg, Russia"]
[Date "2022.09.29"]
[Round "6.9"]
[White "Kasantsev, Anatolij B."]
[Black "Mamoshin, Valery"]
[Result "0-1"]
[TimeControl "40+30"]
[WhiteElo "1908"]
[BlackElo "2203"]

1. d4 Nf6 2. c4 e6 3.
Nc3 Bb4 4. Qc2 c5 5. dxc5 Qa5 6. Bd2 Na6 7. a3 Bxc5 8. Rc1 Qd8 9.
Nf3 O-O 10. b4 Be7 11. e4 d6 12. Be2 b6 13. O-O Bb7 14.
Rfd1 Qb8 15. Nd4 Nc7 16. f3 Rd8 17. Be3 Rd7 18. Qa4 Qd8 19. Nc6 Bxc6 20. Qxc6 Rc8 21. Qa4 h6 22. Rd2 e5 23. Rcd1 Ne6 24. Nd5 Nxd5 25. cxd5 Bg5 26. Bxg5 Nxg5 27. h4 Nh7 28. f4 Rc3 29. fxe5 Re7 30. exd6 Qxd6 31. Rc2 Re3 32. Bd3 f5 33. Qc6 Qg3 34. Bf1 Nf6 35. Qc8+ Re8 36. Qc7 f4 37. Rf2 R3xe4 38. Rf3 Qxh4 39. d6 Ng4 40. Rh3 Qf2+ 41.
Kh1 Re3 42. Qc4+ Kh8 43. Rh5 R3e5 44.
Rh3 Ne3 45. d7 Nxc4 46. dxe8=Q+ Rxe8 47. Bxc4 Re1+ 48. Rxe1 Qxe1+ 49. Kh2 g5 0-1

[Event "Senior Men Russian Championship 2022_HL"]
[Site "Saint-Petersburg, Russia"]
[Date "2022.09.30"]
[Round "7.1"]
[White "Ponfilenok, Vladimir"]
[Black "Loginov, Valery A"]
[Result "1/2-1/2"]
[TimeControl "40+30"]
[WhiteElo "2298"]
[BlackElo "2478"]

1. d4 Nf6 2. Bg5 Ne4 3. Bf4 d5 4. e3 c5 5. Nd2 Nxd2 6. Qxd2 Nc6 7. Nf3 cxd4 8. exd4 Bf5 9. Bd3 Bxd3 10.
Qxd3 e6 11. O-O Be7 12. c3 O-O 13. Rae1 a6 14. Ne5 Rc8 15. Re3 Nxe5 16. Bxe5 Rc6 17. Rh3 g6 18. Re1 f6 19. Bf4 Qd7 20.
Qe2 Re8 21. Re3 Bf8 22. h4 b5 23. a3 Bg7 24. g4 e5 25. dxe5 fxe5 26. Bxe5 Rxe5 27. Rxe5 Bxe5 28. Qxe5 Qxg4+ 29. Kf1 Qh3+ 30. Kg1 Qg4+ 31. Kf1 Qh3+ 32. Kg1 Qg4+ 1/2-1/2

[Event "Senior Men Russian Championship 2022_HL"]
[Site "Saint-Petersburg, Russia"]
[Date "2022.09.30"]
[Round "7.2"]
[White "Provotorov, Alexandr P."]
[Black "Ionov, Sergey"]
[Result "1/2-1/2"]
[TimeControl "40+30"]
[WhiteElo "2277"]
[BlackElo "2513"]

1. e4 c5 2. c3 Nf6 3. e5 Nd5 4. d4 cxd4 5. Nf3 Nc6 6. cxd4 d6 7. Bc4 Nb6 8. Bb5 dxe5 9. Nxe5 Bd7 10.
Nxd7 Qxd7 11. Nc3 e6 12. O-O Rd8 13. Bg5 Be7 14. Bxe7 Qxe7 15. Qf3 O-O 16. Bxc6 bxc6 17. Qxc6 Rxd4 18.
Rad1 Rb4 19. b3 Rc8 20. Qf3 h6 21. h3 Qc7 22. Rc1 Qd7 23. Rcd1 Rd4 24. Qe3 Rd6 25. Rxd6 Qxd6 26. Rd1 Qb4 1/2-1/2

[Event "Senior Men Russian Championship 2022_HL"]
[Site "Saint-Petersburg, Russia"]
[Date "2022.09.30"]
[Round "7.3"]
[White "Vul, Arkadi Eremeevich"]
[Black "Balashov, Yuri S"]
[Result "1/2-1/2"]
[TimeControl "40+30"]
[WhiteElo "2181"]
[BlackElo "2395"]

1. Nf3 c5 2. c4 Nc6 3. d4 cxd4 4. Nxd4 Qb6 5. e3 Nf6 6. Nc3 e6 7. a3 Be7 8. Be2 O-O 9. O-O d6 10.
b4 a6 11. Bb2 Bd7 12. Nb3 Rfd8 13. Rc1 Be8 14. Qd2 a5 15. Na4 Qc7 16. b5 Ne5 17. Rfd1 b6 18. f4 Ng6 19. Bf3 Rab8 20.
Nd4 Bd7 21. Bc6 Bc8 22. Bf3 Bd7 23. Bc6 Bc8 24. Bf3 Bd7 1/2-1/2

[Event "Senior Men Russian Championship 2022_HL"]
[Site "Saint-Petersburg, Russia"]
[Date "2022.09.30"]
[Round "7.6"]
[White "Mamoshin, Valery"]
[Black "Zhelnin, Vladimir V"]
[Result "0-1"]
[TimeControl "40+30"]
[WhiteElo "2203"]
[BlackElo "2344"]

1. e4 c5 2. Nc3 Nc6 3. f4 g6 4.
Nf3 Bg7 5. Bc4 e6 6. O-O Nge7 7. d3 O-O 8. a3 d5 9. Ba2 dxe4 10. Nxe4 b6 11. Qe1 Nf5 12. Rf2 a5 13. Bd2 Bxb2 14.
Bc3 Bxa1 15. Bxa1 f6 16. g4 Nfd4 17. g5 Nxf3+ 18. Rxf3 Nd4 19. Rh3 Ra7 20. Nxf6+ Rxf6 21. gxf6 Qxf6 22.
Qe3 Rf7 0-1

[Event "Senior Men Russian Championship 2022_HL"]
[Site "Saint-Petersburg, Russia"]
[Date "2022.09.30"]
[Round "7.7"]
[White "Lisenko, Alexander V"]
[Black "Berlin, Grigoriy"]
[Result "1-0"]
[TimeControl "40+30"]
[WhiteElo "2307"]
[BlackElo "2186"]

1. c4 e5 2. Nf3 Nc6 3. d4 exd4 4. Nxd4 Bb4+ 5. Bd2 Bxd2+ 6. Qxd2 Nxd4 7. Qxd4 Qf6 8. Qd2 Ne7 9. Nc3 O-O 10.
g3 a6 11. Bg2 d6 12. O-O Rb8 13. Rac1 Nc6 14. Nd5 Qd8 15. Rc3 Re8 16. e4 Ne5 17. f4 Nd7 18. Qd4 Nc5 19. Re3 Ne6 20.
Qd2 c6 21. Nc3 c5 22. Ne2 b5 23. cxb5 Rxb5 24. b3 Rb4 25. Rd3 Bb7 26. Rxd6 Qb8 27. e5 Bxg2 28. Kxg2 c4 29. f5 Nf8 30.
f6 Rxe5 31. Rf2 Re8 32. fxg7 Ne6 33. Rd7 cxb3 34. axb3 Rxb3 35. Nd4 Qa8+ 36. Kh3 Rb6 37. Nf5 Qe4 38. Rxf7 Nd4 39. Rf8+ Rxf8 40.
gxf8=Q+ Kxf8 41. Nd6+ 1-0

[Event "Senior Men Russian Championship 2022_HL"]
[Site "Saint-Petersburg, Russia"]
[Date "2022.09.30"]
[Round "7.8"]
[White "Kozlov, Oleg"]
[Black "Osmolny, Vladimir I."]
[Result "1-0"]
[TimeControl "40+30"]
[WhiteElo "2279"]
[BlackElo "2092"]

1. d4 d5 2. c4 e6 3. Nf3 Nf6 4. g3 Be7 5. Bg2 O-O 6. Qc2 b6 7. cxd5 exd5 8. O-O Na6 9. Bf4 Bb7 10.
Nc3 Re8 11. Rad1 h6 12. Ne5 c6 13. Qa4 Qc8 14. Rfe1 Bb4 15. Rc1 Qe6 16. a3 Bxc3 17. Rxc3 c5 18. Be3 Ne4 19. Rcc1 f6 20.
Nd3 Rac8 21. dxc5 Nexc5 22. Nxc5 bxc5 23. b4 c4 24. Red1 Red8 25. Qa5 Nc7 26. Qxa7 Qc6 27. a4 Ra8 28.
Qb6 Rxa4 29. Qxc6 Bxc6 30. Rxc4 Ra6 31. Rcc1 Kf7 32. Rd2 Ke6 33. Rdc2 d4 34. Rxc6+ Rxc6 35. Rxc6+ Kd7 36. Bxd4 Rb8 37.
Rc4 1-0

[Event "Senior Men Russian Championship 2022_HL"]
[Site "Saint-Petersburg, Russia"]
[Date "2022.09.30"]
[Round "7.9"]
[White "Filipenko, Alexander V"]
[Black "Pushkov, Nikolai"]
[Result "1/2-1/2"]
[TimeControl "40+30"]
[WhiteElo "2171"]
[BlackElo "2206"]

1. e4 e6 2. d4 d5 3. Nc3 dxe4 4. Nxe4 Nd7 5. Nf3 Ngf6 6. Nxf6+ Nxf6 7. c3 a6 8. Be2 c5 9. O-O cxd4 10.
Qxd4 Qxd4 11. Nxd4 Bd7 12. Bf3 O-O-O 13. Bf4 Bc5 14. Rad1 Ba4 15. b3 Bxd4 16. Rxd4 Rxd4 17. cxd4 Bc6 18.
Bxc6 bxc6 19. Be5 Rg8 20. Rc1 Kb7 21. Bxf6 gxf6 22. Rc3 Rd8 23. Rh3 Rxd4 24. g3 a5 25. Rxh7 Rd7 26. h4 Kc7 27.
Rh8 f5 28. Ra8 Kd6 29. Rxa5 Ke7 30. Kg2 Kf6 31. Rc5 Rd2 32. a4 Rd3 33. Rc1 Rxb3 34. Ra1 Rb6 35. a5 Ra6 36. Kf3 Kg6 37.
Ke3 e5 38. Ra2 Kh5 39. Ra4 f6 40. Kf3 c5 41. Ke3 c4 42. Kd2 f4 43. gxf4 e4 44. Kc3 Kxh4 45. Kxc4 f5 46. Kb5 Ra8 47.
a6 Kg4 48. Ra3 Kxf4 49. Kb6 Ke5 50. Ra5+ Kf4 51. Kb7 Rf8 52. a7 Kf3 53. Rxf5+ Rxf5 54. a8=Q Kxf2 55. Qa2+ Kf3 56. Qe6 Rf4 57.
Qh3+ Kf2 58. Qh2+ Kf3 59. Qh5+ Kf2 60. Qc5+ e3 61. Kc6 Kf3 62. Qd5+ Kf2 63. Qe5 Rf3 64. Qh2+ Kf1 65. Qh1+ Kf2 66.
Qh4+ Kf1 67. Qe4 Kf2 68. Qd4 Kf1 1/2-1/2

[Event "Senior Men Russian Championship 2022_HL"]
[Site "Saint-Petersburg, Russia"]
[Date "2022.09.30"]
[Round "7.10"]
[White "Kornilov, Anatoly"]
[Black "Nikitinyh, Boris"]
[Result "1-0"]
[TimeControl "40+30"]
[WhiteElo "2094"]
[BlackElo "1853"]

1. d4 Nf6 2. c4 e6 3. Nc3 d5 4. cxd5 exd5 5. Bg5 Be7 6. e3 O-O 7. Bd3 Nbd7 8. Nf3 Re8 9. Qc2 Nf8 10.
O-O c6 11. Rab1 N6d7 12. Bxe7 Qxe7 13. b4 a6 14. a4 Nf6 15. b5 axb5 16. axb5 Bd7 17. bxc6 bxc6 18. Na4 Ra7 19. Nc5 Rea8 20.
Nxd7 Rxd7 21. Qxc6 Rad8 22. Ne5 Rd6 23. Qb7 Qe6 24. f4 N6d7 25. Rf3 Rb8 26. Qc7 Rxb1+ 27. Bxb1 Nxe5 28. dxe5 Rc6 29.
Qa7 Rc1+ 30. Rf1 Rxf1+ 31. Kxf1 Qc8 32. Qa3 Ne6 33. Qd3 g6 34. Qc2 Qd7 35. Ba2 Kg7 36. Qd3 1-0

[Event "Senior Men Russian Championship 2022_HL"]
[Site "Saint-Petersburg, Russia"]
[Date "2022.09.30"]
[Round "7.11"]
[White "Yakovlev, Yuri S."]
[Black "Kasantsev, Anatolij B."]
[Result "1/2-1/2"]
[TimeControl "40+30"]
[WhiteElo "1649"]
[BlackElo "1908"]

1. e4 c5 2. Nf3 e6 3. c4 Nc6 4.
d4 cxd4 5. Nxd4 Nf6 6. Nc3 Bb4 7. Nxc6 bxc6 8. Bd3 Qc7 9. O-O O-O 10. Bd2 Be7 11. Rc1 d6 12. Be3 c5 13. Bg5 h6 14.
Bh4 Rb8 15. Qe2 Bb7 16. Bg3 Nd7 17. f4 Bc6 18. b3 Bf6 19. e5 Be7 20. exd6 Bxd6 21. Ne4 Bxe4 22. Qxe4 Nf6 23. Qf3 a5 24.
Bc2 Rbd8 25. Rcd1 Rd7 26. Rd3 Rfd8 27. Rfd1 g6 28. Bh4 Be7 29. Rxd7 Rxd7 30. Rxd7 Qxd7 31. Qd3 1/2-1/2

[Event "Senior Men Russian Championship 2022_HL"]
[Site "Saint-Petersburg, Russia"]
[Date "2022.10.01"]
[Round "8.1"]
[White "Zhelnin, Vladimir V"]
[Black "Ponfilenok, Vladimir"]
[Result "0-1"]
[TimeControl "40+30"]
[WhiteElo "2344"]
[BlackElo "2298"]

1. e4 e6 2. Nc3 d5 3. Nf3 d4 4. Ne2 c5 5. Ng3 a6 6. d3 Nc6 7. Be2 Nf6 8. O-O Bd6 9. Nd2 Qc7 10.
Nc4 Bf4 11. a4 e5 12. Nf5 Bxf5 13. exf5 O-O 14. Bf3 b5 15. Nd2 Bxh2+ 16. Kxh2 e4+ 17. Kg1 exf3 18. Qxf3 Rac8 19. axb5 axb5 20. Nb3 c4 21. Bf4 Qd7 22.
dxc4 bxc4 23. Na5 Nb4 24. Rfc1 Rfe8 25. Bd2 Nbd5 26. Bg5 Re5 27. Bxf6 Nxf6 28. Rd1 Rxf5 29. Qb7 Qxb7 30. Nxb7 Rd5 31.
Ra5 Rd7 32. Nc5 Rd6 33. b3 Rd5 34. Nb7 d3 35. Rxd5 Nxd5 36.
cxd3 Nc3 37. Rd2 cxb3 38. Na5 Rb8 39. Rb2 Ne2+ 40. Kf1 Nd4 41. Ke1 Ra8 42. Nc4 Ra2 43. Kd2 Rxb2+ 44. Nxb2 Nb5 45.
Na4 h5 46. Kc1 h4 47. Kb2 Nd4 48. Nc5 f5 49. f4 Kf7 50. Nd7 Ne2 51. Ne5+ Kf6 52. Nf3 Nxf4 53. Nxh4 Nxd3+ 54. Kxb3 Ne1 55. Kc3 Kg5 56. g3 f4 57.
Kd4 0-1

[Event "Senior Men Russian Championship 2022_HL"]
[Site "Saint-Petersburg, Russia"]
[Date "2022.10.01"]
[Round "8.2"]
[White "Balashov, Yuri S"]
[Black "Provotorov, Alexandr P."]
[Result "1-0"]
[TimeControl "40+30"]
[WhiteElo "2395"]
[BlackElo "2277"]

1. e4 e5 2. Nf3 Nc6 3. Bb5 a6 4. Ba4 Nf6 5. O-O b5 6. Bb3 Bb7 7. Nc3 Be7 8. d3 O-O 9. a3 d6 10. h3 Na5 11. Ba2 c5 12.
b4 Nc6 13. Nd5 Rc8 14. c3 Nxd5 15. Bxd5 Qc7 16. Be3 Nd8 17. Bxb7 Nxb7 18. a4 Ra8 19. Qb1 cxb4 20. cxb4 Qd7 21.
Qb3 a5 22. Qd5 bxa4 23. b5 Qc7 24. b6 Qb8 25. Rfc1 Nc5 26. Bxc5 dxc5 27. Nxe5 1-0

[Event "Senior Men Russian Championship 2022_HL"]
[Site "Saint-Petersburg, Russia"]
[Date "2022.10.01"]
[Round "8.3"]
[White "Ionov, Sergey"]
[Black "Kozlov, Oleg"]
[Result "1/2-1/2"]
[TimeControl "40+30"]
[WhiteElo "2513"]
[BlackElo "2279"]

1. e4 c5 2. Nf3 e6 3. g3 Nc6 4. Bg2 Nf6 5. d3 d5 6. Qe2 Be7 7. e5 Nd7 8. c4 dxc4 9. dxc4 Qc7 10.
Bf4 Nd4 11. Nxd4 cxd4 12. h4 Nc5 13. Nd2 Bd7 14. O-O Bc6 15. Bxc6+ Qxc6 16. b4 Na4 17. a3 O-O 18. Ne4 Rfd8 19.
Rac1 a5 20. c5 axb4 21. axb4 Qd5 1/2-1/2

[Event "Senior Men Russian Championship 2022_HL"]
[Site "Saint-Petersburg, Russia"]
[Date "2022.10.01"]
[Round "8.4"]
[White "Loginov, Valery A"]
[Black "Kalegin, Evgenij"]
[Result "1/2-1/2"]
[TimeControl "40+30"]
[WhiteElo "2478"]
[BlackElo "2386"]

1. e4 c5 2. Nf3 e6 3. d4 cxd4 4. Nxd4 a6 5. Nc3 b5 6. Be2 Bb7 7. O-O Nc6 8. Nxc6 Bxc6 9. Re1 Bc5 10.
Bd3 d6 11. Be3 Bxe3 12. Rxe3 Nf6 13. a3 O-O 14. Rh3 e5 15. Qe2 g6 16. Rd1 Bd7 17. Rg3 Kh8 1/2-1/2

[Event "Senior Men Russian Championship 2022_HL"]
[Site "Saint-Petersburg, Russia"]
[Date "2022.10.01"]
[Round "8.5"]
[White "Pozin, Sergey"]
[Black "Lisenko, Alexander V"]
[Result "1/2-1/2"]
[TimeControl "40+30"]
[WhiteElo "2257"]
[BlackElo "2307"]

1. d4 Nf6 2. Nf3 e6 3. c4 b6 4. g3 Bb7 5. Bg2 Bb4+ 6. Nbd2 Ne4 7. O-O Nxd2 8. Bxd2 Bxd2 9. Qxd2 d5 10.
Rac1 O-O 11. cxd5 exd5 12. Ne5 Qd6 13. Qf4 Na6 14. Nc6 Qxf4 15. gxf4 Bxc6 16. Rxc6 Rad8 17. b4 Nxb4 18. Rxc7 Rc8 19.
Rxc8 Rxc8 20. a3 Na2 21. Bxd5 Nc3 22. Bf3 Nb5 23. d5 Nxa3 24. Ra1 Rc3 25. d6 Kf8 1/2-1/2